 Dungeon Crawl Stone Soup version 0.19.1 (webtiles) character file.

185 kraedy the Slasher (level 5, 0/27 HPs)
             Began as a Vine Stalker Fighter on Dec 14, 2016.
             Slain by a gnoll
             ... wielding a +0 halberd
              (3 damage)
             ... on level 3 of the Dungeon.
             The game lasted 00:05:19 (2638 turns).

kraedy the Slasher (Vine Stalker Fighter)           Turns: 2638, Time: 00:05:20

Health: 0/27       AC:  6    Str: 20    XL:     5   Next: 64%
Magic:  0/6        EV:  7    Int:  8    God:
Gold:   81         SH: 10    Dex: 13    Spells: 0 memorised, 4 levels left

rFire  . . .     SeeInvis .     a - +0 long sword
rCold  . . .     Gourm    .     b - +0 scale mail
rNeg   . . .     Faith    .     c - +1 shield
rPois  .         Spirit   +     (no helmet)
rElec  .         Reflect  .     (no cloak)
rCorr  .         Harm     .     (no gloves)
MR     .....                    (no boots)
Stlth  ..........               (no amulet)
                                (no ring)
                                (no ring)

@: no status effects
A: fangs 2, regeneration 1, magic shield, antimagic bite, no device heal 3, rot
immunity
a: no special abilities


You were on level 3 of the Dungeon.
You were not hungry.

You visited 1 branch of the dungeon, and saw 3 of its levels.

You collected 81 gold pieces.

Inventory:

Hand Weapons
 a - a +0 long sword (weapon)
Armour
 b - a +0 scale mail (worn)
 c - a +1 shield (worn)
Scrolls
 k - a scroll of recharging
Potions
 d - a potion of brilliance {unknown}
 e - 2 potions of curing
 g - 2 potions of cancellation
 h - a potion of haste {unknown}
 l - a potion of might
 m - a potion of heal wounds {unknown}
 n - a potion of degeneration {unknown}
 p - a potion of berserk rage {unknown}
Books
 i - a book of Conjurations

   Spells                             Type                      Level
   a - Magic Dart                     Conjuration                  1
   b - Searing Ray                    Conjuration                  2
   c - Dazzling Spray                 Conjuration/Hexes            3
   d - Fulminant Prism                Conjuration/Hexes            4
   e - Iskenderun's Mystic Blast      Conjuration                  4
   f - Iskenderun's Battlesphere      Conjuration/Charms           5
Comestibles
 f - 2 bread rations
 j - 3 meat rations


   Skills:
 - Level 2.6 Fighting
 + Level 5.1 Long Blades
 - Level 2.4 Armour
 - Level 2.6 Shields


You had 4 spell levels left.
You didn't know any spells.

Dungeon Overview and Level Annotations

Branches:
Dungeon (3/15)

Altars:
Vehumet


Innate Abilities, Weirdness & Mutations

You have extremely sharp teeth.
Your natural rate of healing is unusually fast.
When hurt, damage is shared between your health and your magic reserves.
Your bite disrupts and absorbs the magic of your enemies.
Potions and wands cannot restore your health.
You are immune to rotting.


Message History

You see here a rat corpse.
The gnoll barely misses you.
The gnoll hits you from afar with a halberd.
You block the gnoll's attack.
You hit the gnoll. Your bite misses the gnoll.
The gnoll is moderately wounded.
The gnoll barely misses you. You block the gnoll's attack.
You barely miss the gnoll. You bite the gnoll. You drain its power.
You feel invigorated.
The gnoll is severely wounded.
The gnoll hits you but does no damage. The gnoll hits you with a halberd!
You closely miss the gnoll. You bite the gnoll. You drain its power.
You feel invigorated.
The gnoll is severely wounded.
The gnoll hits you from afar with a halberd.
* * * LOW HITPOINT WARNING * * *
The gnoll hits you with a halberd!
* * * LOW HITPOINT WARNING * * *
The gnoll hits you from afar with a halberd.
You die...

.. #..#..g.....#
#.....#
...###.#.###.....#
#####.# #......###
?....# #####.#
#####'g#### ######
#.....# #.....g..#
#.##### #........# #.#
##..8..8..#### #.#
.'...(....'..###### #.#
.'........'.#gg.@.###.#
##..8..8..##.###...##.#
.#........#### #.#....#
##........# #...####
#####''#### #####
....#..# #...†.##
###.### #.#


You could see 2 gnolls.

Vanquished Creatures
  Jessica (D:2)
  A worker ant (D:3)
  3 adders
  A gnoll (D:3)
  A worm (D:2)
  2 dart slugs
  4 leopard geckos
  9 bats
  5 giant cockroaches
  10 goblins
  6 hobgoblins
  11 jackals
  11 kobolds
  4 quokkas
  2 frilled lizards
  11 rats
82 creatures vanquished.

Notes
Turn   | Place    | Note
-------+----------+-------------------------------------------
     0 | D:1      | kraedy the Vine Stalker Fighter began the quest for the Orb.
     0 | D:1      | Reached XP level 1. HP: 11/11 MP: 2/2
    34 | D:1      | Reached skill level 2 in Long Blades
    56 | D:1      | Reached XP level 2. HP: 11/16 MP: 3/3
   325 | D:1      | Reached skill level 3 in Long Blades
   329 | D:1      | Reached XP level 3. HP: 7/19 MP: 1/4
   884 | D:2      | Found a radiant altar of Vehumet.
  1564 | D:2      | Gained mutation: Your natural rate of healing is unusually fast. [Vine Stalker growth]
  1564 | D:2      | Reached XP level 4. HP: 22/23 MP: 5/5
  1627 | D:2      | Reached skill level 4 in Long Blades
  1788 | D:2      | Noticed Jessica
  1798 | D:2      | Killed Jessica
  2082 | D:3      | Reached XP level 5. HP: 19/27 MP: 4/6
  2325 | D:3      | Reached skill level 5 in Long Blades
  2638 | D:3      | Slain by a gnoll

Skill      XL: |  1  2  3  4  5 |
---------------+----------------+-----
Long Blades    | 2 3 4 5 |  5.1
Fighting       | |  2.6
Armour         | |  2.4
Shields        | |  2.6

Action                   |  1- 3 |  4- 6 || total
-------------------------+-------+-------++-------
Melee: Long sword        |   140 |   121 ||   261
       Bite              |    40 |    40 ||    80
  Use: Scroll            |       |     6 ||     6
       Potion            |       |     1 ||     1
  Eat: Chunk             |     2 |     4 ||     6
Armor: Scale mail        |    83 |    47 ||   130
Dodge: Dodged            |    45 |    41 ||    86
Block: Shield            |    77 |    70 ||   147
       Rpst.: Long sword |    14 |     9 ||    23
